AoeStats
← [H A R D] est

Black Forest

508838372Analyzed
4v4 RM · 6d ago on Sep 24, 2026· 49m 33s· 8 players
Game mode
Random Map
Map size
Large (8 player)
Population
200
Speed
Normal
Resources
Standard
Victory
Conquest
Starting age
Dark Age
Ending age
Imperial Age
RankedLock teamsTeams togetherTeam positionsShared explorationLock speedFull tech treeHidden civsTurbo modeCheats
Victory
Defeat
🇫🇷 Byzantines · France
1244
+15
🇨🇳 Italians · China
1230
+15
🇨🇦 Vietnamese · Canada
1223
+16
🇹🇷 Burgundians · Türkiye
1189
+17
🇨🇳 Danes · China
1287
-20
🇨🇭 Japanese · Switzerland
1208
-15
🇹🇼 Khmer · Taiwan
1182
-14
🇨🇭 Ethiopians · Switzerland
1182
-14
Alexiỗs
1:07 Loom
11:16 Feudal Age
15:28 Castle Age
13:26 Double-Bit Axe
14:40 Horse Collar
17:05 Bow Saw
17:37 Heavy Plow
22:15 Wheelbarrow
23:27 Hand Cart
28:41 Imperial Age
26:22 Treadmill Crane
26:44 Scale Mail Armor
26:54 Forging
26:48 Stone Mining
26:57 Gold Mining
27:35 Fortified Wall
27:45 Squires
27:30 Arson
28:04 Chain Mail Armor
28:33 Stone Shaft Mining
28:21 Gambesons
29:27 Gold Shaft Mining
30:29 Chemistry
30:01 Plate Mail Armor
30:38 Two-Man Saw
30:11 Crop Rotation
29:54 Elite Varangian Guard
31:41 Iron Casting
31:45 Logistica
31:56 Conscription
32:31 Caravan
33:22 Hoardings
32:55 Scale Barding Armor
32:40 Fletching
33:26 Pikeman
34:22 Halberdier
36:32 Elite Cataphract
37:34 Chain Barding Armor
37:10 Bodkin Arrow
39:14 Block Printing
39:40 Theocracy
40:04 Arrowslits
40:47 Ballistics
41:38 Guard Tower
41:51 Bracer
43:06 Plate Barding Armor
43:16 Keep
45:25 Padded Archer Armor
47:16 Husbandry
285066173
0:46 Loom
12:20 Feudal Age
15:58 Castle Age
14:32 Double-Bit Axe
14:41 Fletching
14:52 Padded Archer Armor
14:45 Gold Mining
15:56 Stone Mining
15:48 Horse Collar
18:36 Bow Saw
24:32 Wheelbarrow
26:48 Hand Cart
27:27 Bodkin Arrow
31:53 Imperial Age
30:31 Ballistics
30:31 Leather Archer Armor
33:35 Chemistry
32:38 Bracer
36:08 Conscription
36:21 Ring Archer Armor
36:50 Forging
40:00 Two-Man Saw
39:56 Scale Mail Armor
43:10 Thumb Ring
43:18 Pirotechnia
43:28 Squires
48:44 Stone Shaft Mining
DropDongHitBong420
1:42 Loom
14:08 Feudal Age
18:34 Castle Age
17:25 Horse Collar
17:36 Double-Bit Axe
19:18 Heavy Plow
19:33 Bow Saw
19:41 Town Watch
31:38 Wheelbarrow
33:29 Hand Cart
33:17 Town Patrol
34:10 Fortified Wall
34:12 Masonry
34:23 Ballistics
34:00 Murder Holes
34:13 Scale Barding Armor
34:18 Forging
36:48 Imperial Age
34:12 Gold Mining
36:06 Chain Barding Armor
36:21 Iron Casting
35:37 Fletching
38:05 Coinage
38:13 Plate Barding Armor
39:13 Two-Man Saw
38:45 Crop Rotation
38:43 Paper Money
38:25 Chatras
39:02 Hoardings
38:58 Elite Battle Elephant
39:39 Husbandry
39:49 Bloodlines
41:26 Banking
43:17 Chemistry
42:15 Treadmill Crane
yalavuu
0:35 Loom
5:52 Double-Bit Axe
12:39 Feudal Age
13:40 Bow Saw
14:26 Fishing Lines
20:11 Castle Age
18:03 Horse Collar
18:19 Gold Mining
18:58 Heavy Plow
19:52 Gold Shaft Mining
22:32 Wheelbarrow
22:11 Gillnets
25:28 Imperial Age
22:53 Town Watch
23:15 Padded Archer Armor
24:22 Leather Archer Armor
27:29 Chemistry
27:20 Ballistics
30:16 Masonry
30:52 Forging
30:48 Scale Barding Armor
31:31 Light Cavalry
32:11 Husbandry
32:31 Hussar
38:49 Chain Barding Armor
39:05 Iron Casting
42:08 Plate Barding Armor
42:35 Blast Furnace
41:46 Burgundian Vineyards
42:02 Conscription
43:34 Pikeman
44:15 Squires
44:27 Halberdier
44:53 Arson
45:13 Scale Mail Armor
46:33 Fortified Wall
46:20 Murder Holes
47:00 Architecture
46:58 Hand Cart
46:44 Town Patrol
47:49 Chain Mail Armor
48:37 Hoardings
50:15 Plate Mail Armor
[H A R D] est
1:25 Loom
13:51 Feudal Age
18:06 Castle Age
16:53 Double-Bit Axe
17:16 Fishing Lines
19:46 Bow Saw
25:01 Gillnets
27:36 Wheelbarrow
26:44 Horse Collar
30:42 Imperial Age
28:49 Yasama
29:06 Fletching
29:05 Pikeman
29:46 Squires
29:57 Forging
29:52 Scale Barding Armor
30:11 Heavy Plow
31:59 Bodkin Arrow
32:04 Padded Archer Armor
31:52 Elite Skirmisher
32:07 Elite Skirmisher
33:52 Chemistry
33:43 Bracer
Davidbin
4:51 Loom
10:47 Feudal Age
14:11 Castle Age
12:04 Double-Bit Axe
13:03 Horse Collar
15:23 Wheelbarrow
15:03 Bow Saw
15:32 Heavy Plow
21:02 Gold Mining
21:31 Stone Mining
22:42 Hand Cart
23:06 Gold Shaft Mining
24:38 Stone Shaft Mining
24:49 Scale Barding Armor
24:56 Forging
27:41 Imperial Age
25:51 Chain Barding Armor
27:08 Iron Casting
27:05 Ballistics
27:34 Masonry
27:16 Fletching
28:57 Crop Rotation
29:13 Plate Barding Armor
29:39 Blast Furnace
29:10 Architecture
29:41 Chemistry
30:10 Bloodlines
30:25 Bodkin Arrow
30:30 Town Watch
30:12 Light Cavalry
31:18 Town Patrol
31:04 Hussar
31:46 Husbandry
32:24 Padded Archer Armor
32:54 Conscription
34:52 Conscription
35:16 Double Crossbow
34:38 Elite Ballista Elephant
36:06 Siege Engineers
38:09 Hoardings
41:05 Bracer
41:21 Fortified Wall
Yam
1:15 Loom
11:03 Feudal Age
11:38 Double-Bit Axe
16:47 Castle Age
14:45 Horse Collar
15:53 Fishing Lines
22:33 Gillnets
24:05 Redemption
25:16 Wheelbarrow
28:02 Hand Cart
28:39 Sanctity
28:16 Gold Mining
28:16 Stone Mining
29:54 Heavy Plow
30:06 Bow Saw
33:44 Imperial Age
31:29 Town Watch
31:53 Scale Mail Armor
32:03 Forging
32:48 Gold Shaft Mining
32:50 Masonry
33:16 Sanctity
33:40 Murder Holes
33:55 Squires
33:40 Arson
34:54 Chain Mail Armor
35:14 Iron Casting
34:32 Heavy Scorpion
36:44 Chemistry
36:09 Conscription
37:09 Plate Mail Armor
36:14 Onager
36:49 Gambesons
37:53 Siege Engineers
38:29 Elite Jomsviking
40:54 Blast Furnace
40:40 Hamask
45:50 Elite Varangian Guard
45:51 Pikeman
46:59 Halberdier
[H A R D] wiealtesBROT
1:31 Loom
13:28 Feudal Age
17:35 Castle Age
15:21 Double-Bit Axe
15:17 Horse Collar
15:57 Stone Mining
17:05 Fishing Lines
20:17 Bow Saw
20:14 Heavy Plow
21:55 Gillnets
29:48 Imperial Age
29:55 Imperial Age
28:09 Wheelbarrow
28:47 Fortified Wall
29:13 Hand Cart
29:09 Scale Mail Armor
29:45 Squires
29:56 Forging
29:35 Arson
30:00 Gold Mining
30:47 Chain Mail Armor
31:42 Iron Casting
30:30 Halberdier
32:13 Chemistry
32:38 Plate Mail Armor
34:51 Two-Man Saw
33:58 Siege Engineers
Connection lost

Rejoining the realm…

Still unreachable

The connection could not be restored.

Session expired

The server has moved on; the page needs a fresh start.